 Dungeon Sprint DCSS version 0.21.1-1-g345015f (webtiles) character file.

114 JeffiDaFish the Ruffian (level 4, -2/52 HPs)
             Began as a Troll Berserker on Feb 6, 2018.
             Was a Priest of Trog.
             Killed from afar by a deep elf mage (20 damage)
             ... with a shard of ice
             ... in the Dungeon (Sprint III: "The Ten Rune Challenge").
             The game lasted 00:01:11 (201 turns).

JeffiDaFish the Ruffian (Troll Berserker)            Turns: 201, Time: 00:01:11

Health: -2/52      AC:  5    Str: 25    XL:     4   Next: 66%
Magic:  3/3        EV: 10    Int:  3    God:    Trog [***...]
Gold:   7          SH:  0    Dex: 10    Spells: 3/3 levels left

rFire    . . .     SeeInvis .     - Unarmed
rCold    . . .     Gourm    +   (no shield)
rNeg     . . .     Faith    .   a - +0 animal skin
rPois    .         Spirit   .   (helmet restricted)
rElec    .         Reflect  .   (no cloak)
rCorr    .         Harm     .   (gloves unavailable)
MR       .....     NoTele   +   (boots unavailable)
Stlth    +.........             (no amulet)
HPRegen  0.57/turn              (no ring)
MPRegen  0.08/turn              (no ring)

@: berserk cooldown, slowed, very slow
A: large, unfitting armour, claws 3, fast metabolism 3, gourmand, regeneration
1, shaggy fur 1, tough skin 2
a: Berserk, Trog's Hand, Burn Spellbooks, Renounce Religion


You were in the Dungeon.
You worshipped Trog.
Trog was most pleased with you.
You were not hungry.

You visited 1 branch You collected 7 gold pieces.

Inventory:

Armour
 a - a +0 animal skin (worn)
Scrolls
 h - a scroll of blinking
Potions
 c - 2 potions of curing
 d - a potion of heal wounds
 e - a potion of haste
 f - 2 potions of magic
 g - a potion of berserk rage
Comestibles
 b - 2 rations


   Skills:
 + Level 5.8 Fighting
 - Level 3.1 Dodging
 + Level 7.1 Unarmed Combat


You had 3 spell levels left.
You didn't know any spells.

Dungeon Overview and Level Annotations

Branches:
Dungeon (1/1)

Altars:
Elyvilon
Zin
The Shining One


Innate Abilities, Weirdness & Mutations

You are too large for most types of armour.
You have claws for hands.
Your metabolism is lightning-fast.
You like to eat raw meat.
Your natural rate of healing is unusually fast.
You are covered in fur. (AC +1)
You have very tough skin. (AC +2)


Message History

The deep elf mage mumbles some strange words.
The deep elf mage blinks!
The deep elf mage gestures at you while chanting.
The shard of ice hits you!
You feel a strong urge to attack something.
You are no longer berserk.
You pass out from exhaustion.
You feel yourself slow down.
The deep elf mage drinks a potion.
The deep elf mage is healed!
You can move again.
There is an open door here.
The deep elf mage hits you with a long sword of holy wrath.
You closely miss the deep elf mage.
The deep elf mage is moderately wounded.
The deep elf mage casts a spell.
The deep elf mage blinks!
You're still recovering from your berserk rage.
The deep elf mage gestures at you while chanting.
The shard of ice hits you!
You die...

▓▓▓▓▓ ▓▓▓ +...♣♣♣♣
♣.##### #......♣ ♣.#___#
##......♣ ♣♣.#...#
.#....≈♣♣♣♣..###'#+###+#
.#...≈≈♣♣..♣.#..@.......
(#..≈≈≈≈♣♣...'.§...e....
'#..≈≈≈≈≈≈...#...######+
.#.≈≈≈≈≈≈....#.⌠.#
.#.≈≈≈≈≈.....#...#
.#.≈≈≈.......#+###
##...........#
.............#
▓▓▓▓▓▓▓▓▓▓▓▓▓▓


You could see a deep elf mage.

Vanquished Creatures
  A water elemental (D)
  Jessica (D)
  A human (D)
  2 oozes (D)
  A phantom (D)
  A rat (D)
7 creatures vanquished.

Vanquished Creatures (others)
  2 draconian scorchers (D)
  5 hellions (D)
7 creatures vanquished.

Grand Total: 14 creatures vanquished

Notes
Turn   | Place    | Note
-------+----------+-------------------------------------------
     0 | D        | JeffiDaFish the Troll Berserker began the quest for the Orb.
     0 | D        | Reached XP level 1. HP: 22/22 MP: 0/0
     6 | D        | Reached XP level 2. HP: 31/31 MP: 1/1
    11 | D        | Noticed Jessica
    13 | D        | Killed Jessica
    13 | D        | Reached ** piety under Trog
    13 | D        | Reached skill level 5 in Unarmed Combat
    13 | D        | Reached XP level 3. HP: 37/39 MP: 2/2
    86 | D        | Killed a hellion
    94 | D        | Killed a hellion
   123 | D        | Reached *** piety under Trog
   123 | D        | Killed a hellion
   141 | D        | Noticed a water elemental
   147 | D        | Killed a water elemental
   147 | D        | Reached skill level 5 in Fighting
   147 | D        | Reached skill level 7 in Unarmed Combat
   147 | D        | Reached XP level 4. HP: 26/52 MP: 3/3
   160 | D        | Killed a hellion
   165 | D        | Killed a white draconian scorcher
   171 | D        | Killed a white draconian scorcher
   175 | D        | Killed a hellion
   183 | D        | Found a glowing silver altar of Zin.
   187 | D        | Noticed a deep elf mage
   188 | D        | Found a glowing golden altar of the Shining One.
   188 | D        | Found a white marble altar of Elyvilon.
   201 | D        | Killed from afar by a deep elf mage

Skill      XL: |  1  2  3 |
---------------+----------+-----
Fighting       | 3 4 5 |  5.8
Dodging        | 3 |  3.1
Unarmed Combat | 5 7 |  7.1

Action                   |  1- 3 |  4- 6 || total
-------------------------+-------+-------++-------
Melee: Unarmed           |    36 |     8 ||    44
       Punch             |     1 |       ||     1
Invok: Berserk           |     1 |     1 ||     2
  Eat: Chunk             |     2 |       ||     2
Armor: Animal skin       |     5 |       ||     5
Dodge: Dodged            |    17 |     2 ||    19
